 Dungeon Crawl Stone Soup version 0.31.0-12-g77e489cdc1 (webtiles) character file.

Game seed: 5819785563452606096

26 Silvore the Trooper (level 2, -14/24 HPs)
             Began as a Demonspawn Fighter on Feb 15, 2024.
             Killed by divine providence
             ... invoked by an orc priest
              (15 damage)
             ... on level 3 of the Dungeon.
             The game lasted 00:01:13 (1894 turns).

Silvore the Trooper (Demonspawn Fighter)            Turns: 1894, Time: 00:01:14

Health: -14/24     AC: 13    Str: 16    XL:     2   Next: 89%
Magic:  2/2        EV:  4    Int:  8    God:
Gold:   102        SH:  4    Dex: 12    Spells: 1/1 levels left

rFire   . . .        a - +0 long sword
rCold   . . .        c - +0 buckler
rNeg    . . .        g - +0 plate armour
rPois   .            (no helmet)
rElec   .            e - +0 cloak
rCorr   .            (no gloves)
SInv    .            f - +0 pair of boots
Will    .....        (no amulet) Stlth
                     (no ring)
HPRegen 0.24/turn    (no ring)
MPRegen 0.16/turn

%: no passive effects
@: mighty
A: magic regeneration
a: no special abilities


You were on level 3 of the Dungeon.
You visited 1 branch of the dungeon, and saw 3 of its levels.

You collected 102 gold pieces.

Inventory:

Hand Weapons
 a - a +0 long sword (weapon)
Armour
 b - a +0 scale mail
 c - a +0 buckler (worn)
 e - a +0 cloak (worn)
 f - a +0 pair of boots (worn)
 g - a +0 plate armour (worn)
Scrolls
 k - a scroll of identify
 q - a scroll of immolation
Potions
 h - 2 potions of curing {unknown}
 i - a potion of mutation {unknown}
 j - 2 potions of enlightenment
 n - a potion of resistance {unknown}
 o - a potion of lignification {unknown}


   Skills:
 + Level 3.2 Fighting
 + Level 2.1 Long Blades
 + Level 3.1 Armour
 + Level 0.1 Dodging
 + Level 2.9 Shields


You had one spell level left.
You didn't know any spells.
Your spell library contained the following spells:

 Spells                   Type           Power      Damage    Failure   Level
 Ensorcelled Hibernation  Hex/Ice        0%         N/A       100%        2
 Fugue of the Fallen      Necr           0%         N/A       100%        3
 Anguish                  Hex/Necr       0%         N/A       100%        4


Dungeon Overview and Level Annotations

Branches:
Dungeon (3/15)

Altars:


Innate Abilities, Weirdness & Mutations

You regenerate magic rapidly.


Message History

You see here a +0 dagger.
HP restored.
You see here a +0 dagger.
h - 2 emerald potions (gained 1)
You now have 102 gold pieces (gained 15). 2 orc priests and an orc wizard come into view.
An orc priest is wielding a +2 vampiric falchion.
The orc priest shouts!
The orc wizard shouts!
An orc comes into view. It is wielding a +0 flail.
There are monsters nearby!
There are monsters nearby!
The orc priest looks satisfied for a moment.
The orc wizard gestures wildly while chanting.
The orc wizard flickers and vanishes!
Deactivating autopickup; reactivate with Ctrl-A.
You hear some strange, mumbled words.
A puff of flame appears from out of thin air!
The puff of flame hits you.
The orc priest mumbles some strange prayers to Beogh against you.
Beogh smites you!
Ouch! That really hurt!
* * * LOW HITPOINT WARNING * * *
Something hits you but does no damage.
You barely miss something.
Okay, then.
Okay, then.
You feel very mighty all of a sudden.
You hear some strange, mumbled words.
A puff of flame appears from out of thin air!
The puff of flame hits you.
* * * LOW HITPOINT WARNING * * *
The orc priest hits you with a +0 club.
* * * LOW HITPOINT WARNING * * *
You slash the orc priest!
The orc priest is almost dead.
Something hits you but does no damage.
The orc priest mumbles some strange prayers to Beogh against you.
Beogh smites you!
Ouch! That really hurt!
You die...

.......#......# ##.......#..#
###.#.#.#.## ### ## #.#..<..#
#.. .# #.#####.# #.# .# #
#.#####.# #.# .#.# #.......#
#.###.#.# #######.# #... ...
############@#####.###.######
........)...{oo.o............
############.#####.###.#.##.#
### #.# .# #.. .. #...


ooo #.....o.. #.#......# #.....#... You could see 2 orc priests and an orc.

Vanquished Creatures
  A ribbon worm (D:2)
  3 endoplasms
  A giant cockroach (D:2)
  3 goblins
  2 hobgoblins (D:2)
  2 jackals (D:2)
  2 quokkas (D:2)
  A ball python (D:1)
  2 bats
  2 frilled lizards (D:2)
  A kobold (D:2)
20 creatures vanquished.

Notes
Turn   | Place    | Note
-------+----------+-------------------------------------------
     0 | D:1      | Silvore the Demonspawn Fighter began the quest for the Orb.
     0 | D:1      | Reached XP level 1. HP: 18/18 MP: 1/1
  1067 | D:2      | Gained mutation: You regenerate magic rapidly. [demonic
                  | ancestry]
  1067 | D:2      | Reached XP level 2. HP: 8/24 MP: 2/2
  1893 | D:3      | HP: 1/24 [orc priest/+0 club (4)]
  1894 | D:3      | Killed from afar by an orc priest

Illustrated notes

Levels and vault maps discovered:
D:1:      tarquinn_simple_flora_water_a, layout_basic
D:2:      layout_basic, minmay_tromino_v4_c
D:3:      layout_basic, serial_shops, nicolae_shop_behind_doors

Skill      XL: |  1  2 |
---------------+-------+-----
Armour         | 3 |  3.1
Long Blades    | 2 |  2.1
Fighting       | |  3.2
Dodging        | |  0.1
Shields        | |  2.9

Action                     || total
---------------------------++-------
  Melee: Long sword        ||    88
    Use: Scroll            ||     5
         Potion            ||     1
 Armour: Plate armour      ||   122
         Scale mail        ||     6
  Dodge: Dodged            ||    50
  Block: Buckler           ||    33
